 Dungeon Crawl Stone Soup version 0.30.0-20-g3b4254fcbd (webtiles) character file.

Game seed: 13806569088315370069

47 Groucho the Ducker (level 3, 0/29 HPs)
             Began as a Djinni Warper on June 2, 2023.
             Slain by an orc priest
             ... wielding a +0 mace
              (3 damage)
             ... on level 2 of the Dungeon.
             The game lasted 00:05:01 (2449 turns).

Groucho the Ducker (Djinni Warper)                  Turns: 2449, Time: 00:05:02

Health: 0/29       AC:  4    Str:  8 (10) XL:     3   Next: 97%
Gold:   118        EV: 11    Int: 15 (16) God:
                   SH:  0    Dex: 10 (12)

rFire   + + .        a - +0 hand axe
rCold   x . .        (no shield)
rNeg    . . .        b - +0 leather armour
rPois   ∞            (no helmet)
rElec   .            (no cloak)
rCorr   .            o - +0 pair of gloves
SInv    .            (boots unavailable)
Will    .....        (no amulet)
Stlth   +            k - ring of wizardry
HPRegen 0.24/turn    (no ring)
MPRegen 0.00/turn

%: wizardry (x1), infuse magic (-1 HP)
@: flying
A: sickness immunity, fire resistance 2, cold vulnerability 1, float, innate
caster, HP casting, extra vitality 1
a: no special abilities


You were on level 2 of the Dungeon.
You visited 1 branch of the dungeon, and saw 2 of its levels.

You collected 118 gold pieces.

Inventory:

Hand Weapons
 a - a +0 hand axe (weapon)
Missiles
 d - 7 boomerangs of dispersal (quivered)
Armour
 b - a +0 leather armour (worn)
 o - a +0 pair of gloves (worn)
 p - a +0 ring mail
Jewellery
 e - an amulet of faith
 k - a ring of wizardry (left hand)
Scrolls
 c - a scroll of blinking
 f - 2 scrolls of identify {unknown}
 h - a scroll of immolation {unknown}
 i - a scroll of summoning {unknown}
 m - a scroll of amnesia {unknown}
 n - 2 scrolls of teleportation {unknown}
 r - a scroll of magic mapping {unknown}
Potions
 g - 2 potions of degeneration
 j - 2 potions of haste {unknown}
 l - a potion of heal wounds {unknown}
 q - 2 potions of curing {unknown}


   Skills:
 + Level 2.4 Fighting
 + Level 2.0 Axes
 - Level 0.7 Throwing
 + Level 1.7 Armour
 + Level 2.8 Dodging
 + Level 2.6 Spellcasting


You knew the following spells:

 Your Spells              Type           Power      Damage    Failure   Level
a - Blink                 Tloc           20%        N/A       6%          2
b - Lesser Beckoning      Tloc           20%        N/A       6%          2
c - Vhi's Electric Charg  Tloc/Air       20%        N/A       12%         3
d - Teleport Other        Tloc           10%        N/A       12%         3
e - Manifold Assault      Tloc           10%        N/A       34%         4
f - Apportation           Tloc           20%        N/A       4%          1
Your spell library was empty.

Dungeon Overview and Level Annotations

Branches:
Dungeon (2/15)

Altars:


Innate Abilities, Weirdness & Mutations

You are immune to sickness and miasma.
You are immune to poison.
Your flesh is very heat resistant. (rF++)
You are vulnerable to cold. (rC-)
You float through the air rather than walking.
You learn spells naturally, not from books.
Your magical power is your life essence.
You have superior vitality. (+4 MHP)


Message History

The spell is quite dangerous to miscast (11% risk of failure)!
Continue anyway?
Charge where?
Press: ? - help, Dir - move target, f - orc priest
Aim: an orc priest, wielding a +0 club (79% to hit)
You charge forward with an electric crackle!
You slash the orc priest and electrocute it!
The orc priest is almost dead.
The orc priest closely misses you.
Unknown command.
Unknown command.
Unknown command.
You hit the orc priest.
The orc priest is almost dead.
You closely miss the orc. You closely miss the orc priest.
The orc hits you but does no damage. The orc priest barely misses you.
The orc priest invokes the aid of Beogh against you.
You barely resist.
Unknown command.
Unknown command.
Unknown command.
Unknown command.
You barely miss the orc priest.
The orc priest is almost dead.
You barely miss the orc priest. You hit the orc. The orc priest misses you.
The orc priest hits you with a +0 mace.
* * * LOW HITPOINT WARNING * * *
The orc hits you with a +0 dagger.
* * * LOW HITPOINT WARNING * * *
The orc barely misses you. The orc priest hits you with a +0 club.
* * * LOW HITPOINT WARNING * * *
The orc priest hits you but does no damage.
Unknown command.
Unknown command.
It was a potion of degeneration.
There was something very wrong with that liquid.
You feel weakened.
You feel dopey.
You feel clumsy. The orc closely misses you.
The orc priest begins to cast a cantrip, but forgets the words!
The orc priest hits you with a +0 mace.
You die...

#...# #...#
#######...####.
...............
...............
...............
#######§..#####
#oo.# #@..# #o..#
#########...#####
#(#......##........
#.#.......)<...###.
..#.####..#......#
#.....|...........
#........#....#.#.
#####
#..####o.#....#.#.


You could see 2 orc priests and an orc.

Vanquished Creatures
  2 dart slugs (D:2)
  3 orcs
  3 bats (D:2)
  3 endoplasms
  4 giant cockroaches
  7 goblins
  3 hobgoblins
  A quokka (D:1)
  3 ball pythons
  2 frilled lizards (D:1)
  A kobold (D:2)
  A rat (D:1)
33 creatures vanquished.

Notes
Turn   | Place    | Note
-------+----------+-------------------------------------------
     0 | D:1      | Groucho the Djinni Warper began the quest for the Orb.
     0 | D:1      | Groucho set off with the following spells memorised: Blink,
                  | Lesser Beckoning, Vhi's Electric Charge, Teleport Other,
                  | Manifold Assault.
     0 | D:1      | Reached XP level 1. HP: 18/18 MP: 0/0
   465 | D:1      | Reached XP level 2. HP: 17/23 MP: 0/0
  1142 | D:1      | Reached XP level 3. HP: 28/28 MP: 0/0
  1142 | D:1      | Learned a level 1 spell: Apportation
  2449 | D:2      | Slain by an orc priest

Illustrated notes

Levels and vault maps discovered:
D:1:      dpeg_arrival_central, layout_loops_ring, minmay_misc_feat_chi
D:2:      cheibrodos_pilgrimage, layout_loops_cross

Skill      XL: |  1  2  3 |
---------------+----------+-----
Axes           | 2 |  2.0
Fighting       | |  2.4
Throwing       | |  0.7
Armour         | |  1.7
Dodging        | |  2.8
Spellcasting   | |  2.6

Action                     || total
---------------------------++-------
  Melee: Hand axe          ||   120
         Punch             ||     1
   Cast: Vhi's Electric Ch ||     1
    Use: Potion            ||     1
 Armour: Leather armour    ||    49
  Dodge: Dodged            ||    97
